 Dungeon Crawl Stone Soup version 0.29.1 (webtiles) character file.

Game seed: 14900400328766764795

154 SensoryNuts the Covert (level 5, -5/35 HPs)
             Began as an Octopode Brigand on Sept 14, 2022.
             Killed by divine providence
             ... invoked by an orc priest
              (13 damage)
             ... on level 3 of the Dungeon.
             The game lasted 00:02:14 (2871 turns).

SensoryNuts the Covert (Octopode Brigand)           Turns: 2871, Time: 00:02:14

Health: -5/35      AC:  1    Str: 10    XL:     5   Next: 36%
Magic:  5/5        EV: 13    Int: 13    God:
Gold:   92         SH:  0    Dex: 16    Spells: 4/4 levels left

rFire   . . .      SeeInvis .   p - +3 dagger
rCold   . . .      Faith    .   (no shield)
rNeg    . . .      Spirit   .   (helmet restricted)
rPois   .          Reflect  .   (no amulet)
rElec   .          Harm     .   (no ring)
rCorr   .          Rampage  .   (no ring)
Will    .....                   (no ring)
Stlth   +++++.....              (no ring)
HPRegen 0.11/turn               (no ring)
MPRegen 0.09/turn               (no ring)
                                (no ring)
                                (no ring)

@: hasted, very quick
A: almost no armour, amphibious, 8 rings, camouflage 1, gelatinous body 1,
(nimble swimmer 1), tentacles
a: no special abilities


You were on level 3 of the Dungeon.
You visited 1 branch of the dungeon, and saw 3 of its levels.

You collected 92 gold pieces.

Inventory:

Hand Weapons
 p - a +3 dagger (weapon)
Missiles
 b - 9 poisoned darts (quivered)
 c - 3 curare-tipped darts
 d - a throwing net
Jewellery
 f - an amulet of faith
Scrolls
 a - a scroll of identify
 h - a scroll of fog
 j - a scroll of magic mapping
Potions
 e - a potion of haste
 g - 2 potions of brilliance {unknown}
 i - a potion of degeneration {unknown}
 k - a potion of might {unknown}
 m - a potion of heal wounds {unknown}


   Skills:
 + Level 2.4 Fighting
 + Level 2.3 Short Blades
 + Level 2.0 Throwing
 + Level 1.3 Dodging
 * Level 8.4 Stealth


You had 4 spell levels left.
You didn't know any spells.
Your spell library contained the following spells:

 Spells                   Type           Power      Damage    Failure   Level
 Apportation              Tloc           0%         N/A       30%         1
 Sandblast                Erth           0%         2d4       30%         1
 Passwall                 Tmut/Erth      0%         N/A       43%         2
 Stone Arrow              Conj/Erth      0%         3d7       67%         3
 Alistair's Intoxication  Tmut/Pois      0%         N/A       100%        5


Dungeon Overview and Level Annotations

Branches:
Dungeon (3/15)

Altars:
Fedhas
Qazlal


Innate Abilities, Weirdness & Mutations

You cannot wear most types of armour.
You are amphibious.
You can wear up to eight rings at the same time.
Your skin changes colour to match your surroundings (Stealth+).
Your rubbery body absorbs attacks. (AC +1, EV +1)
((You are camouflaged when in or above water. (Stealth+)))
You have tentacles for arms and can constrict up to eight enemies at once.


Message History

You kill the orc!
The orc priest mumbles some strange prayers to Beogh against you.
Pain shoots through your body!
The orc priest invokes the aid of Beogh against you.
Beogh smites you!
An orc wizard comes into view. It is wielding a +0 dagger.
You hear a shout!
You hit the orc priest but do no damage.
Your grab misses the orc priest.
The orc priest mumbles some strange prayers to Beogh against you.
Beogh smites you!
* * * LOW HITPOINT WARNING * * *
You are too injured to fight recklessly!
You are too injured to fight recklessly!
You are too injured to fight recklessly!
You are too injured to fight recklessly!
You are too injured to fight recklessly!
You are too injured to fight recklessly!
You are too injured to fight recklessly!
You are too injured to fight recklessly!
You are too injured to fight recklessly!
You are too injured to fight recklessly!
You are too injured to fight recklessly!
You are too injured to fight recklessly!
You are too injured to fight recklessly!
You are too injured to fight recklessly!
You are too injured to fight recklessly!
You are too injured to fight recklessly!
You are too injured to fight recklessly!
You are too injured to fight recklessly!
You are too injured to fight recklessly!
Unknown command.
You feel yourself speed up. The orc priest barely misses you.
An orc comes into view. It is wielding a +0 short sword.
You hit the orc priest but do no damage.
You grab the orc priest.
You constrict the orc priest, but do no damage.
The orc priest mumbles some strange prayers to Beogh against you.
Beogh smites you!
You die...

...(# *,*,,**,,,,,_,,,,,,*
....# *,*...#.P.P.,,,,,,,*
....####.#,........,,,,,,,*
.......#.#,,...P.P,,,,,,,,*
######...##,*.....,,,,,,,,*
#§§§≈#....,,*,...###*,***,*
#≈§⌠≈#...#***,,ooo.,*,***,*
#≈._≈#...#######o#*,*,,,,,*
#~≈≈≈#.......†..@##,*,,,,,*
####§#....†.^..)..#,#*,****
.........P[♣.....o#.##$#
#######...PP.♣.P(..(...#
#....._.♣P.#.>####
#...♣..PP....##
#....PPP.P..##
#.....PP....# ###.......###


You could see an orc priest, an orc wizard and 3 orcs.

Vanquished Creatures
  Natasha (D:3)
  An orc wizard (D:3)
  Robin (D:2)
  An adder (D:2)
  3 worms
  2 dart slugs
  3 orcs (D:3)
  8 bats
  4 endoplasms
  A giant cockroach (D:1)
  8 goblins
  11 hobgoblins
  4 jackals (D:1)
  3 quokkas
  5 ball pythons
  3 frilled lizards
  3 kobolds
  3 rats
65 creatures vanquished.

Vanquished Creatures (others)
  2 fungi (D:3)
  12 plants (D:3)
14 creatures vanquished.

Grand Total: 79 creatures vanquished

Notes
Turn   | Place    | Note
-------+----------+-------------------------------------------
     0 | D:1      | SensoryNuts the Octopode Brigand began the quest for the
                  | Orb.
     0 | D:1      | Reached XP level 1. HP: 14/14 MP: 1/1
   185 | D:1      | Reached XP level 2. HP: 14/19 MP: 2/2
   296 | D:1      | Reached skill level 6 in Stealth
   804 | D:1      | Reached XP level 3. HP: 24/24 MP: 3/3
  1425 | D:2      | Reached skill level 7 in Stealth
  1471 | D:2      | Found a blossoming altar of Fedhas.
  1653 | D:2      | Reached XP level 4. HP: 29/29 MP: 4/4
  1655 | D:2      | Noticed Robin
  1665 | D:2      | Killed Robin
  2607 | D:3      | Noticed Natasha
  2609 | D:3      | Reached skill level 8 in Stealth
  2609 | D:3      | Reached XP level 5. HP: 35/35 MP: 5/5
  2615 | D:3      | Killed Natasha
  2801 | D:3      | Found a stormy altar of Qazlal.
  2802 | D:3      | Found a faded altar of an unknown god.
  2871 | D:3      | Killed from afar by an orc priest

Illustrated notes

Levels and vault maps discovered:
D:1:      minmay_arrival_doors, layout_basic, serial_bayou_ford_a
D:2:      layout_loops_ring, basic_altar, uniq_robin
D:3:      layout_basic, mainiacjoe_overflow_cross_hatched,
          general_overflow_altar, dreamdust_ecumenical_altar_grove, uniq_natasha

Skill      XL: |  1  2  3  4 |
---------------+-------------+-----
Stealth        | 6 7 8 |  8.4
Fighting       | |  2.4
Short Blades   | |  2.3
Throwing       | |  2.0
Dodging        | |  1.3

Action                   |  1- 3 |  4- 6 || total
-------------------------+-------+-------++-------
Melee: Dagger            |    65 |    59 ||   124
       Constrict         |    12 |    17 ||    29
       Tentacles         |     8 |    12 ||    20
       Punch             |     1 |       ||     1
  Use: Scroll            |     3 |     4 ||     7
       Potion            |       |     1 ||     1
 Stab: Sleeping          |    16 |     7 ||    23
       Distracted        |       |     2 ||     2
Armor: Skin              |     4 |     6 ||    10
Dodge: Dodged            |    31 |    46 ||    77
